[ PARTIDA AOE2 · #513581709 ]
UnrankedSicilianos vs Vikings
Equipo del jugador · VICT
Equipo rival · DERR
[ ANÁLISIS DE REPETICIÓN · EXTRAÍDO DE LA PARTIDA GRABADA ]
Feudal
9:55
Castillos
29:00
Imperial
—
| APM promedio | 24.5 |
| APM pico | 44 |
| eAPM promedio | 18.0 |
| Aldeanos / militares | 112 / 48 |
Foco
⚔️ 31.0% · 🌾 69.0%
Serjeant ×40 · Battering Ram ×7 · Monk ×1
Feudal
13:40
Castillos
26:22
Imperial
—
| APM promedio | 31.1 |
| APM pico | 58 |
| eAPM promedio | 15.5 |
| Aldeanos / militares | 77 / 39 |
Foco
⚔️ 22.3% · 🌾 77.7%
Militia ×17 · Archer ×16 · Berserk ×3 · Monk ×2 · Mangonel ×1
Mapa de la partida
Recursos iniciales + cada clic de construcción. Líneas = muros · curvas = relieve. ◆ oro · ⬟ piedra · ● bayas · ✦ reliquia · ◌ hueco del cierre
Tu base· Abierta — hueco de 3t
Base de GenerousHeal· Abierta — flanco sin cerrar
Terreno inicial suavizado · ◌ = hueco del cierre detectado · pasá el cursor para detalles
Inputs por minuto
— Ares - - GenerousHeal
Build order — Ares
Primeras 150 de 283 acciones detectadas
| 0:00 | Encolar | Villager (Male) |
| 0:01 | Encolar | Villager (Male) |
| 0:01 | Encolar | Villager (Male) |
| 0:03 | Construir | House |
| 0:05 | Construir | House |
| 0:13 | Encolar | Villager (Male) |
| 0:42 | Investigar | Loom |
| 1:30 | Encolar | Villager (Male) |
| 2:16 | Encolar | Villager (Male) |
| 2:44 | Encolar | Villager (Male) |
| 3:31 | Encolar | Villager (Male) |
| 3:37 | Construir | House |
| 3:38 | Construir | House |
| 3:46 | Construir | Lumber Camp |
| 3:57 | Encolar | Villager (Male) |
| 4:00 | Encolar | Villager (Male) |
| 4:15 | Construir | Mill |
| 4:23 | Encolar | Villager (Male) |
| 5:14 | Encolar | Villager (Male) |
| 5:15 | Encolar | Villager (Male) |
| 6:00 | Encolar | Villager (Male) |
| 6:00 | Encolar | Villager (Male) |
| 6:01 | Encolar | Villager (Male) |
| 6:35 | Encolar | Villager (Male) |
| 6:49 | Encolar | Villager (Male) |
| 7:05 | Construir | Lumber Camp |
| 7:45 | Investigar | Feudal Age |
| 8:19 | Encolar | Villager (Male) |
| 8:39 | Encolar | Villager (Male) |
| 8:43 | Construir | House |
| 8:45 | Construir | House |
| 9:16 | Construir | Mill |
| 9:51 | Encolar | Villager (Male) |
| 9:55 | Edad | Edad Feudal |
| 10:09 | Construir | Mining Camp |
| 10:37 | Construir | Donjon |
| 10:41 | Encolar | Villager (Male) |
| 10:54 | Investigar | Double-Bit Axe |
| 11:21 | Encolar | Villager (Male) |
| 11:24 | Encolar | Serjeant |
| 11:25 | Encolar | Serjeant |
| 11:27 | Encolar | Villager (Male) |
| 11:49 | Construir | Mining Camp |
| 11:55 | Encolar | Villager (Male) |
| 12:00 | Encolar | Villager (Male) |
| 12:10 | Construir | Blacksmith |
| 12:17 | Encolar | Villager (Male) |
| 12:26 | Encolar | Villager (Male) |
| 12:32 | Encolar | Serjeant |
| 12:34 | Encolar | Villager (Male) |
| 12:54 | Construir | House |
| 13:01 | Encolar | Villager (Male) |
| 13:05 | Construir | House |
| 13:09 | Construir | Palisade Wall |
| 13:22 | Encolar | Villager (Male) |
| 13:26 | Encolar | Villager (Male) |
| 13:56 | Encolar | Villager (Male) |
| 14:03 | Investigar | Scale Mail Armor |
| 14:03 | Investigar | Forging |
| 14:04 | Investigar | Fletching |
| 14:08 | Construir | Farm |
| 14:11 | Construir | Farm |
| 14:16 | Construir | Farm |
| 14:19 | Construir | Farm |
| 14:22 | Construir | Farm |
| 14:27 | Construir | Farm |
| 14:47 | Encolar | Serjeant |
| 14:47 | Encolar | Serjeant |
| 15:08 | Construir | House |
| 15:09 | Construir | House |
| 15:17 | Construir | House |
| 15:21 | Construir | House |
| 15:23 | Encolar | Villager (Male) |
| 15:40 | Encolar | Villager (Male) |
| 15:58 | Encolar | Serjeant |
| 16:05 | Construir | Farm |
| 16:07 | Construir | Farm |
| 16:11 | Construir | House |
| 16:13 | Construir | House |
| 16:14 | Construir | House |
| 16:15 | Construir | House |
| 16:32 | Construir | Donjon |
| 16:33 | Encolar | Villager (Male) |
| 16:35 | Encolar | Serjeant |
| 16:35 | Encolar | Serjeant |
| 17:07 | Construir | Lumber Camp |
| 17:08 | Encolar | Villager (Male) |
| 17:15 | Construir | House |
| 17:17 | Construir | House |
| 17:20 | Encolar | Villager (Male) |
| 17:34 | Construir | Farm |
| 17:36 | Construir | Farm |
| 17:39 | Construir | Farm |
| 18:03 | Encolar | Villager (Male) |
| 18:13 | Investigar | Forging |
| 18:19 | Construir | Farm |
| 18:23 | Construir | Farm |
| 18:24 | Construir | Farm |
| 18:28 | Construir | Farm |
| 18:42 | Construir | Donjon |
| 18:43 | Encolar | Villager (Male) |
| 18:52 | Construir | Farm |
| 18:56 | Encolar | Villager (Male) |
| 19:05 | Encolar | Villager (Male) |
| 19:09 | Encolar | Serjeant |
| 19:35 | Encolar | Serjeant |
| 19:35 | Encolar | Serjeant |
| 19:42 | Encolar | Villager (Male) |
| 19:55 | Encolar | Serjeant |
| 19:55 | Encolar | Serjeant |
| 20:12 | Encolar | Serjeant |
| 20:14 | Encolar | Serjeant |
| 20:41 | Encolar | Villager (Male) |
| 20:45 | Encolar | Serjeant |
| 20:56 | Encolar | Villager (Male) |
| 21:20 | Encolar | Villager (Male) |
| 21:43 | Encolar | Villager (Male) |
| 22:02 | Construir | Mill |
| 22:03 | Construir | Farm |
| 22:03 | Construir | Farm |
| 22:03 | Construir | Farm |
| 22:15 | Construir | Mill |
| 22:15 | Construir | Farm |
| 22:16 | Construir | Farm |
| 22:16 | Construir | Farm |
| 22:19 | Construir | Farm |
| 22:19 | Construir | Farm |
| 22:26 | Construir | Farm |
| 22:28 | Construir | Farm |
| 22:31 | Construir | Lumber Camp |
| 22:31 | Encolar | Villager (Male) |
| 22:38 | Construir | Palisade Wall |
| 22:46 | Construir | House |
| 22:56 | Construir | Mining Camp |
| 22:57 | Encolar | Villager (Male) |
| 23:06 | Construir | Palisade Wall |
| 23:09 | Construir | Palisade Gate |
| 23:25 | Encolar | Villager (Male) |
| 23:51 | Construir | Donjon |
| 23:52 | Encolar | Villager (Male) |
| 24:00 | Encolar | Serjeant |
| 24:01 | Encolar | Serjeant |
| 24:03 | Encolar | Villager (Male) |
| 24:13 | Construir | Mining Camp |
| 24:15 | Encolar | Villager (Male) |
| 24:19 | Encolar | Serjeant |
| 24:19 | Encolar | Serjeant |
| 24:20 | Encolar | Serjeant |
| 24:49 | Encolar | Villager (Male) |
| 25:00 | Encolar | Villager (Male) |
Build order — GenerousHeal
Primeras 150 de 203 acciones detectadas
| 0:00 | Encolar | Villager (Male) |
| 0:01 | Encolar | Villager (Male) |
| 0:01 | Encolar | Villager (Male) |
| 0:02 | Construir | House |
| 0:03 | Construir | House |
| 0:47 | Encolar | Villager (Male) |
| 1:38 | Encolar | Villager (Male) |
| 1:54 | Construir | House |
| 2:02 | Encolar | Villager (Male) |
| 2:29 | Encolar | Villager (Male) |
| 2:29 | Encolar | Villager (Male) |
| 2:55 | Investigar | Loom |
| 3:03 | Encolar | Villager (Male) |
| 3:25 | Encolar | Villager (Male) |
| 4:06 | Encolar | Villager (Male) |
| 4:07 | Encolar | Villager (Male) |
| 4:26 | Construir | Barracks |
| 4:36 | Encolar | Villager (Male) |
| 5:26 | Encolar | Villager (Male) |
| 5:36 | Construir | House |
| 5:42 | Encolar | Militia |
| 5:42 | Encolar | Militia |
| 5:58 | Encolar | Villager (Male) |
| 6:29 | Encolar | Villager (Male) |
| 7:01 | Encolar | Villager (Male) |
| 7:04 | Construir | Lumber Camp |
| 7:23 | Encolar | Villager (Male) |
| 7:25 | Construir | House |
| 7:47 | Encolar | Villager (Male) |
| 8:04 | Encolar | Villager (Male) |
| 8:28 | Construir | Mill |
| 8:38 | Encolar | Villager (Male) |
| 9:01 | Encolar | Villager (Male) |
| 9:44 | Encolar | Militia |
| 9:46 | Encolar | Villager (Male) |
| 10:04 | Construir | House |
| 10:11 | Construir | Mining Camp |
| 10:14 | Encolar | Villager (Male) |
| 10:17 | Encolar | Militia |
| 11:02 | Encolar | Villager (Male) |
| 11:30 | Investigar | Feudal Age |
| 11:34 | Construir | House |
| 11:38 | Construir | Farm |
| 11:38 | Construir | Farm |
| 11:39 | Construir | Farm |
| 11:39 | Construir | Farm |
| 11:39 | Construir | Farm |
| 11:39 | Construir | Farm |
| 11:40 | Construir | Farm |
| 11:55 | Encolar | Militia |
| 12:13 | Encolar | Militia |
| 12:58 | Encolar | Villager (Male) |
| 13:05 | Construir | Farm |
| 13:05 | Construir | Farm |
| 13:09 | Construir | Farm |
| 13:40 | Edad | Edad Feudal |
| 13:40 | Encolar | Militia |
| 13:41 | Encolar | Militia |
| 13:44 | Investigar | Man-at-Arms (upgrade) |
| 13:56 | Construir | Market |
| 14:00 | Construir | Blacksmith |
| 14:03 | Encolar | Villager (Male) |
| 14:35 | Encolar | Villager (Male) |
| 14:36 | Encolar | Villager (Male) |
| 14:39 | Construir | House |
| 14:43 | Construir | House |
| 14:45 | Construir | House |
| 14:48 | Encolar | Villager (Male) |
| 15:16 | Construir | Archery Range |
| 15:18 | Encolar | Villager (Male) |
| 15:19 | Encolar | Villager (Male) |
| 15:32 | Encolar | Militia |
| 15:32 | Encolar | Militia |
| 16:07 | Encolar | Villager (Male) |
| 16:09 | Encolar | Militia |
| 16:33 | Encolar | Archer |
| 16:33 | Encolar | Archer |
| 16:38 | Encolar | Villager (Male) |
| 16:41 | Construir | Farm |
| 16:44 | Construir | Farm |
| 16:50 | Encolar | Militia |
| 16:50 | Encolar | Militia |
| 17:01 | Encolar | Villager (Male) |
| 17:03 | Construir | Blacksmith |
| 17:20 | Construir | Outpost |
| 17:25 | Encolar | Villager (Male) |
| 17:27 | Encolar | Archer |
| 17:28 | Encolar | Archer |
| 17:53 | Encolar | Villager (Male) |
| 17:53 | Encolar | Villager (Male) |
| 18:17 | Construir | Farm |
| 18:29 | Construir | Farm |
| 18:29 | Construir | Farm |
| 18:29 | Construir | Farm |
| 18:30 | Construir | Farm |
| 18:47 | Investigar | Fletching |
| 18:55 | Construir | Watch Tower |
| 19:02 | Construir | Watch Tower |
| 19:07 | Encolar | Villager (Male) |
| 19:10 | Construir | House |
| 19:36 | Encolar | Villager (Male) |
| 19:51 | Construir | Mining Camp |
| 20:12 | Encolar | Militia |
| 20:12 | Encolar | Militia |
| 20:13 | Encolar | Archer |
| 20:13 | Encolar | Archer |
| 20:20 | Construir | Mill |
| 20:20 | Construir | Farm |
| 20:21 | Construir | Farm |
| 20:21 | Construir | Farm |
| 20:30 | Construir | Watch Tower |
| 21:27 | Encolar | Militia |
| 21:27 | Encolar | Militia |
| 22:04 | Construir | Palisade Gate |
| 22:15 | Encolar | Villager (Male) |
| 22:32 | Construir | Palisade Wall |
| 22:33 | Construir | Palisade Wall |
| 22:40 | Encolar | Archer |
| 22:41 | Encolar | Archer |
| 22:53 | Construir | Farm |
| 23:01 | Encolar | Villager (Male) |
| 23:39 | Construir | Farm |
| 23:42 | Investigar | Castle Age |
| 24:27 | Encolar | Villager (Male) |
| 24:27 | Encolar | Villager (Male) |
| 24:32 | Investigar | Forging |
| 24:50 | Investigar | Stone Mining |
| 25:03 | Investigar | Padded Archer Armor |
| 25:17 | Encolar | Villager (Male) |
| 26:17 | Encolar | Archer |
| 26:18 | Encolar | Archer |
| 26:22 | Edad | Edad de los Castillos |
| 26:55 | Investigar | Crossbowman (upgrade) |
| 27:06 | Construir | Farm |
| 27:22 | Encolar | Villager (Male) |
| 27:22 | Encolar | Villager (Male) |
| 28:40 | Construir | Castle |
| 28:45 | Encolar | Archer |
| 28:45 | Encolar | Archer |
| 28:49 | Encolar | Villager (Male) |
| 28:49 | Encolar | Villager (Male) |
| 28:49 | Encolar | Villager (Male) |
| 29:41 | Encolar | Villager (Male) |
| 29:41 | Encolar | Villager (Male) |
| 30:18 | Construir | Farm |
| 30:57 | Construir | Castle |
| 31:05 | Encolar | Villager (Male) |
| 31:06 | Encolar | Villager (Male) |
| 31:22 | Encolar | Villager (Male) |
| 31:38 | Construir | Town Center |
Cronología de la partida
| 4:26 | GenerousHeal · first_building Barracks |
| 9:55 | Ares · age_up feudal |
| 10:37 | Ares · first_building Donjon |
| 13:09 | Ares · wall_segment Palisade Wall x1 |
| 13:40 | GenerousHeal · age_up feudal |
| 15:16 | GenerousHeal · first_building Archery Range |
| 20:27 | GenerousHeal · first_market_buy 100 stone |
| 22:32 | GenerousHeal · wall_segment Palisade Wall x1 |
| 22:33 | GenerousHeal · wall_segment Palisade Wall x1 |
| 22:38 | Ares · wall_segment Palisade Wall x12 |
| 23:06 | Ares · wall_segment Palisade Wall x25 |
| 23:21 | GenerousHeal · first_market_sell 100 wood |
| 26:16 | Ares · first_market_buy 100 food |
| 26:17 | Ares · first_market_sell 100 wood |
| 26:22 | GenerousHeal · age_up castle |
| 28:40 | GenerousHeal · first_building Castle |
| 29:00 | Ares · age_up castle |
| 29:44 | Ares · first_building Barracks |
| 30:11 | Ares · first_building Castle |
| 33:35 | Ares · first_building Siege Workshop |
| 33:49 | Ares · first_building Archery Range |
| 33:49 | GenerousHeal · first_building Monastery |
| 34:03 | Ares · first_building Monastery |
| 35:52 | GenerousHeal · first_building Siege Workshop |
| 39:47 | GenerousHeal · resign |
[ ANÁLISIS IA · 1 CRÉDITO ]
¿Qué pasó realmente en esta partida?
Wolo.gg analiza cada decisión: build order, eco, micro, errores típicos por bracket. Análisis personalizado por WhatsApp o Discord en 30 segundos.
Guía civ
Sicilianos
Perfil
Jugador #17992396